 Dungeon Crawl Stone Soup version 0.18.1-8-gdd0e5ea (webtiles) character file.

295 tyrsky the Twirler (level 6, -1/52 HPs)
             Began as a Minotaur Gladiator on May 29, 2016.
             Slain by a sky beast (5 damage)
             ... on level 5 of the Dungeon.
             The game lasted 00:06:29 (3500 turns).

tyrsky the Twirler (Minotaur Gladiator)             Turns: 3500, Time: 00:06:30

Health: -1/52      AC:  3    Str: 20    XL:     6   Next: 11%
Magic:  0/5        EV: 13    Int:  5    God:
Gold:   166        SH:  0    Dex: 12    Spells: 0 memorised, 5 levels left

rFire  . . .     SeeInvis .     a - +0 quarterstaff
rCold  . . .     Gourm    .     b - +0 leather armour
rNeg   + . .     Faith    .     (shield currently unavailable)
rPois  .         Spirit   +     c - +0 hat
rElec  .         Dismiss  .     (no cloak)
rCorr  .         Reflect  .     (no gloves)
SustAt +         Harm     .     (no boots)
MR     .....                    k - amulet of guardian spirit
Stlth  +.........               l - ring of positive energy
                                m - ring of sustain attributes

@: not resistant to hostile enchantments, very unstealthy
A: retaliatory headbutt, horns 2
a: no special abilities


You were on level 5 of the Dungeon.
You were not hungry.

You visited 1 branch of the dungeon, and saw 5 of its levels.

You collected 166 gold pieces.

Inventory:

Hand Weapons
 a - a +0 quarterstaff (weapon)
Armour
 b - a +0 leather armour (worn)
 c - a +0 hat (worn)
Jewellery
 k - an amulet of guardian spirit (around neck)
 l - a ring of positive energy (right hand)
 m - a ring of sustain attributes (left hand)
 C - an uncursed ring of flight {unknown}
Scrolls
 d - 3 scrolls of remove curse {unknown}
 e - a scroll of amnesia {unknown}
 h - a scroll of fear {unknown}
 n - 3 scrolls of blinking {unknown}
 o - 4 scrolls of enchant armour {unknown}
 p - 4 scrolls of noise {unknown}
 q - 2 scrolls of identify {unknown}
 r - 3 scrolls of immolation {unknown}
 t - 3 scrolls of teleportation {unknown}
 v - 2 scrolls of random uselessness {unknown}
 x - 2 scrolls of magic mapping {unknown}
 y - a scroll of recharging {unknown}
Potions
 g - a potion of cure mutation {unknown}
 i - a potion of curing
 j - a potion of flight {unknown}
 s - a potion of degeneration {unknown}
 u - 2 potions of brilliance {unknown}
 A - a potion of ambrosia {unknown}
 D - a potion of resistance {unknown}
Comestibles
 f - 4 bread rations
 w - a beef jerky
 z - 8 fruits
 B - 2 meat rations


   Skills:
 + Level 4.0 Fighting
 * Level 5.9 Staves
 - Level 2.0 Throwing
 + Level 3.3 Armour
 + Level 4.2 Dodging


You had 5 spell levels left.
You didn't know any spells.

Dungeon Overview and Level Annotations

Branches:
Dungeon (5/15)
 Temple: D:4-7

Altars:


Innate Abilities, Weirdness & Mutations

You reflexively headbutt those who attack you in melee.
You have a pair of horns on your head.


Message History

The sky beast hits you but does no damage.
You hit the sky beast.
The sky beast is severely wounded.
The sky beast flickers out of sight!
Deactivating autopickup; reactivate with Ctrl-A.
Something hits you. Something shocks you.
* * * LOW HITPOINT WARNING * * *
You hit something. Your headbutt misses something. Something hits you.
* * * LOW HITPOINT WARNING * * *
Something shocks you.
* * * LOW HITPOINT WARNING * * *
Drink which item? (? for menu, Esc to quit)
You feel better. Something hits you.
* * * LOW HITPOINT WARNING * * *
Something shocks you.
* * * LOW HITPOINT WARNING * * *
You hit something. You headbutt something. Something hits you.
* * * LOW HITPOINT WARNING * * *
Something shocks you.
You die...

. . ### .#
#..##+##.## ##
#.....>... ..
...?... .. #...#
.#
##.####.H.##..##
.......{....(..+
...............#
####+####.#....#
########


There were no monsters in sight!

Vanquished Creatures
  A howler monkey (D:4)
  An orc priest (D:3)
  A giant frog skeleton (D:4)
  An iguana (D:4)
  2 worker ants (D:4)
  5 adders (D:2)
  2 adder skeletons (D:4)
  A giant gecko (D:4)
  8 orcs
  7 bats
  5 giant cockroaches
  8 goblins
  5 hobgoblins
  2 quokkas
  2 ball pythons
  3 giant newts
  10 kobolds
  10 rats
74 creatures vanquished.

Notes
Turn   | Place    | Note
--------------------------------------------------------------
     0 | D:1      | tyrsky the Minotaur Gladiator began the quest for the Orb.
     0 | D:1      | Reached XP level 1. HP: 18/18 MP: 0/0
   224 | D:1      | Reached XP level 2. HP: 25/25 MP: 1/1
   307 | D:1      | Reached skill level 4 in Staves
   988 | D:2      | Reached skill level 1 in Armour
  1059 | D:2      | HP: 1/25 [poisoned by an adder]
  1060 | D:2      | Reached XP level 3. HP: 1/31 MP: 0/2
  1412 | D:2      | Found a faded altar to an unknown god.
  1541 | D:2      | Reached XP level 4. HP: 18/38 MP: 3/3
  2137 | D:3      | Reached skill level 5 in Staves
  2653 | D:4      | Reached XP level 5. HP: 46/46 MP: 4/4
  3122 | D:4      | Reached XP level 6. HP: 34/52 MP: 5/5
  3479 | D:5      | Entered Level 5 of the Dungeon
  3479 | D:5      | Noticed a sky beast
  3500 | D:5      | Slain by a sky beast

Skill      XL: |  1  2  3  4  5 |
---------------+----------------+-----
Staves         | 4 5 |  5.9
Armour         | 1 2 3 |  3.3
Fighting       | 3 4 |  4.0
Dodging        | 4 |  4.2
Throwing       | |  2.0

Action                   |  1- 3 |  4- 6 || total
-------------------------+-------+-------++-------
Melee: Quarterstaff      |    78 |    97 ||   175
       Headbutt          |     8 |    11 ||    19
Throw: Throwing net      |    35 |     3 ||    38
  Use: Potion            |     1 |     1 ||     2
 Stab: Held in net/web   |     2 |       ||     2
  Eat: Chunk             |     2 |     6 ||     8
Armor: Leather armour    |    17 |    17 ||    34
Dodge: Dodged            |    46 |    60 ||   106
